 Dungeon Crawl Stone Soup version 0.32-a0-673-g3729bd50f8 (webtiles) character file.

Game seed: 18210025247903569011

30 Shayle the Apothecary (level 3, -2/24 HPs)
             Began as a Coglin Alchemist on Mar 10, 2024.
             Slain by an orc
             ... wielding a +0 trident
              (7 damage)
             ... on level 2 of the Dungeon.
             The game lasted 00:06:40 (1328 turns).

Shayle the Apothecary (Coglin Alchemist)            Turns: 1328, Time: 00:06:41

Health: -2/24      AC:  2    Str:  8    XL:     3   Next: 20%
Magic:  6/6        EV: 12    Int: 16    God:
Gold:   100        SH:  0    Dex: 14    Spells: 5/6 levels left

rFire   . . .        e - +0 whip {Nimrit}
rCold   . . .        m - +0 short sword {Gunther}
rNeg    . . .        a - +0 robe
rPois   .            l - +0 hat
rElec   .            (no cloak)
rCorr   .            (no gloves)
SInv    .            (no boots)
Will    .....        (amulet unavailable)
Stlth   ++           (ring unavailable)
HPRegen 0.24/turn    (ring unavailable)
MPRegen 0.10/turn    (no gizmo)

%: no passive effects
@: revved
A: off-hand wielding, slow wielding, warmup strikes, no jewellery
a: Invent Gizmo


You were on level 2 of the Dungeon.
You visited 1 branch of the dungeon, and saw 2 of its levels.

You collected 100 gold pieces.

Inventory:

Hand Weapons
 e - a +0 whip (weapon) {Nimrit}
 k - a +0 whip
 m - a +0 short sword (offhand) {Gunther}
Armour
 a - a +0 robe (worn)
 l - a +0 hat (worn)
Scrolls
 c - 2 scrolls of teleportation {unknown}
 f - a scroll of enchant armour {unknown}
 h - a scroll of enchant weapon {unknown}
Potions
 b - a potion of magic
 d - a potion of invisibility {unknown}
 g - a potion of curing {unknown}
 i - a potion of mutation {unknown}
 j - a potion of attraction {unknown}


   Skills:
 + Level 2.2 Dodging
 - Level 1.5 Stealth
 + Level 2.1 Spellcasting
 + Level 1.4 Conjurations
 + Level 3.6 Alchemy


You had 5 spell levels left.
You knew the following spells:

 Your Spells              Type           Power      Damage    Failure   Level
a - Sting                 Conj/Alch      36%        1d5       7%          1

Your spell library contained the following spells:

 Spells                   Type           Power      Damage    Failure   Level
 Mercury Vapours          Alch/Air       14%        N/A       14%         2
 Mephitic Cloud           Conj/Alch/Air  7%         N/A       30%         3
 Olgreb's Toxic Radiance  Alch           13%        N/A       41%         4
 Sticky Flame             Fire/Alch      7%         2d4       67%         4


Dungeon Overview and Level Annotations

Branches:
Dungeon (2/15)

Altars:


Innate Abilities, Weirdness & Mutations

You can wield a second weapon in your off-hand.
It takes a long time for you to wield or remove held weapons.
Your first few attacks do less damage.
You cannot equip rings or amulets.


Message History

You hit the hobgoblin with your +0 whip.
The hobgoblin hits you but does no damage.
You hit the hobgoblin with your +0 whip.
You kill the hobgoblin!
You see here a hobgoblin corpse.
HP restored.
A rat comes into view.
Found a stone staircase leading down.
Found a bubbling white potion.
The helpless rat fails to defend itself.
You hit the rat with your +0 short sword.
You kill the rat!
An orc comes into view. It is wielding a +0 trident.
There is a stone staircase leading down, spattered with blood here.
The orc sings a few bars from the Orcish anthem.
There is a stone staircase leading down, spattered with blood here.
The orc hits you from afar with a +0 trident.
The orc barely misses you.
You barely miss the orc with your +0 short sword.
You hit the orc with your +0 whip. The orc hits you with a +0 trident.
You hit the orc with your +0 short sword.
The orc is heavily wounded.
You hit the orc but do no damage. The orc barely misses you.
You hit the orc but do no damage.
The orc is heavily wounded.
You hit the orc with your +0 short sword.
The orc hits you but does no damage.
You hit the orc with your +0 whip.
The orc is almost dead.
You closely miss the orc with your +0 short sword.
The orc hits you with a +0 trident!
You barely miss the orc with your +0 whip.
The orc is almost dead.
You barely miss the orc with your +0 short sword.
The orc hits you with a +0 trident!
* * * LOW HITPOINT WARNING * * *
You closely miss the orc with your +0 short sword.
The orc is almost dead.
You hit the orc but do no damage. The orc hits you with a +0 trident!
You die...

(# #.# #... #†# #.###
.. #.###.# .#
#..##.### .##
##.##.#.. ..#
#.##.#.##..#
#....#.#... .
#.####.#o#
....#.......@######
.!...................
....###....>########.
... #.##### . #.# #.#
#+#


You could see an orc.

Vanquished Creatures
  2 dart slugs (D:1)
  4 ball pythons
  4 endoplasms
  A giant cockroach (D:2)
  A goblin (D:1)
  2 hobgoblins
  2 kobolds
  2 bats (D:1)
  3 frilled lizards (D:1)
  4 rats
25 creatures vanquished.

Notes
Turn   | Place    | Note
-------+----------+-------------------------------------------
     0 | D:1      | Shayle the Coglin Alchemist began the quest for the Orb.
     0 | D:1      | Reached XP level 1. HP: 13/13 MP: 3/3
    82 | D:1      | Reached skill level 1 in Conjurations
   209 | D:1      | Reached XP level 2. HP: 19/19 MP: 1/4
   746 | D:1      | Found a faded altar of an unknown god.
  1095 | D:1      | Reached XP level 3. HP: 23/24 MP: 3/6
  1328 | D:2      | Slain by an orc

Illustrated notes

Levels and vault maps discovered:
D:1:      lightli_arrival_boilingwater, layout_basic,
          shapermc_ecumenical_altar_mp_urbaneastern
D:2:      layout_basic, minmay_goblin_outpost

Skill      XL: |  1  2 |
---------------+-------+-----
Conjurations   | 1 |  1.4
Dodging        | 2 |  2.2
Spellcasting   | 2 |  2.1
Stealth        | |  1.5
Alchemy        | |  3.6

Action                     || total
---------------------------++-------
  Melee: Unarmed           ||     4
         Whip              ||    13
         Short sword       ||    12
   Cast: Sting             ||    33
   Stab: Sleeping          ||     2
 Armour: Robe              ||    21
  Dodge: Dodged            ||    13

Table legend: (Time is in decaauts)
 A = Elapsed time spent in this place.
 B = Non-inter-level travel time spent in this place.
 C = Inter-level travel time spent in this place.
 D = Time resting spent in this place.
 E = Time spent auto-exploring this place.
 F = Levels seen in this place.
 G = Mean time per level.
                   A        B        C        D        E       F      G
               +--------+--------+--------+--------+--------+-----+--------+
         Total |   1331 |   1242 |     89 |    182 |    702 |   2 |  665.5 |
       Dungeon |   1331 |   1242 |     89 |    182 |    702 |   2 |  665.5 |
               +--------+--------+--------+--------+--------+-----+--------+

Top non-repeatable levels by time:
     D:1: 1119 daAuts
     D:2: 211 daAuts
